[Event "57th Biel Festival ATO 2024"]
[Site "Biel"]
[Date "2024.07.25"]
[Round "9.36"]
[White "Suwendo, Poedjo"]
[Black "Van Bogaert, Olivier"]
[Result "1/2-1/2"]
[ECO "B12"]
[WhiteElo "1727"]
[BlackElo "1815"]
[Annotator "NA"]
[PlyCount "22"]
[EventDate "2024.07.03"]
[EventType "swiss"]
[EventCountry "SUI"]
[SourceTitle "playchess.com"]
[Source "ChessBase"]
[SourceQuality "1"]
[TimeControl "40/5400+30:1800+30"]

1. e4 c6 2. f4 d5 3. e5 Bf5 4. d4 e6 5. Nf3 c5 6. c3 Nd7 7. b3 Ne7 8. Bb5 Nc6 9. O-O Qb6 10. Nh4 g6 11. Nxf5 exf5 1/2-1/2

[Event "57th Biel Festival ATO 2024"]
[Site "Biel"]
[Date "2024.07.25"]
[Round "9.37"]
[White "Shin, Yisoo"]
[Black "Spaeti, Kurt"]
[Result "0-1"]
[ECO "B23"]
[WhiteElo "1449"]
[BlackElo "1804"]
[Annotator "NA RC"]
[PlyCount "79"]
[EventDate "2024.07.03"]
[EventType "swiss"]
[EventCountry "SUI"]
[SourceTitle "playchess.com"]
[Source "ChessBase"]
[SourceQuality "1"]
[TimeControl "40/5400+30:1800+30"]

1. e4 c5 2. Nc3 g6 3. f4 d6 4. Nf3 Bg7 5. Bc4 Nf6 6. d3 O-O 7. O-O Nc6 8. Qe1 Bg4 9. Qh4 Bxf3 10. Rxf3 e6 11. Rh3 h5 12. f5 Ne5 13. fxe6 Nxc4 14. exf7+ Rxf7 15. dxc4 Ng4 16. Qxd8+ Rxd8 17. Rf3 Bd4+ 18. Kh1 Rdf8 19. h3 Nf2+ 20. Kh2 Be5+ 21. Kg1 Nxh3+ 22. Kh1 Rxf3 23. gxf3 Rxf3 24. Kg2 Rg3+ 25. Kf1 Rg1+ 26. Ke2 g5 27. Rb1 g4 28. Be3 Rxb1 29. Nxb1 Bxb2 30. c3 a5 31. a4 Kf7 32. Kf1 Kg6 33. Kg2 Ng5 34. Bd2 Nxe4 35. Be1 Bc1 36. Bh4 Bg5 37. Be1 h4 38. Kh1 Kf5 39. Kg2 h3+ 40. Kh2 0-1

[Event "57th Biel Festival ATO 2024"]
[Site "Biel"]
[Date "2024.07.25"]
[Round "9.38"]
[White "Dreke, Frank"]
[Black "Pavlov, Myroslav"]
[Result "1-0"]
[ECO "B01"]
[WhiteElo "1915"]
[BlackElo "1736"]
[Annotator "RC"]
[PlyCount "123"]
[EventDate "2024.07.03"]
[EventType "swiss"]
[EventCountry "SUI"]
[SourceTitle "playchess.com"]
[Source "ChessBase"]
[SourceQuality "1"]
[TimeControl "40/5400+30:1800+30"]

1. e4 d5 2. exd5 Nf6 3. Nf3 Nxd5 4. d4 Bf5 5. c4 Nb4 6. Na3 e6 7. Be2 Be7 8. O-O O-O 9. Be3 c5 10. Qd2 cxd4 11. Nxd4 Be4 12. Rfd1 N8c6 13. Qe1 Qe8 14. f3 Bg6 15. Rd2 Nxd4 16. Bxd4 Nc6 17. Bc3 Bc5+ 18. Kh1 Be3 19. Rdd1 Rd8 20. Bd3 Bc5 21. Bxg6 hxg6 22. Nc2 Qe7 23. b4 Bd6 24. b5 Nb8 25. Rxd6 Qxd6 26. Bb4 Qd3 27. Bxf8 Qxc2 28. Rc1 Qxa2 29. Bb4 Qb3 30. h3 Rd3 31. Qe4 Nd7 32. c5 Rd1+ 33. Rxd1 Qxd1+ 34. Kh2 Qd5 35. Qc2 Ne5 36. f4 Nd3 37. Ba3 Nxf4 38. c6 bxc6 39. bxc6 Qe5 40. g3 Nd5 41. Bc1 Qd6 42. Qc4 Nb6 43. Qc3 e5 44. Bb2 f6 45. Ba3 Qe6 46. h4 e4 47. Bc1 Kf7 48. c7 Qd5 49. c8=Q Nxc8 50. Qxc8 Qa2+ 51. Kg1 Qb1 52. Qc4+ Kf8 53. Kg2 Qb7 54. Ba3+ Ke8 55. Qg8+ Kd7 56. Qxg7+ Kc8 57. Qf8+ Kd7 58. Qe7+ Kc6 59. Qxf6+ Kb5 60. Qb2+ Ka6 61. Qxb7+ Kxb7 62. g4 1-0

[Event "57th Biel Festival ATO 2024"]
[Site "Biel"]
[Date "2024.07.25"]
[Round "9.39"]
[White "Wolffs, Walter"]
[Black "Gotti, Nicola"]
[Result "1-0"]
[ECO "C80"]
[WhiteElo "1544"]
[BlackElo "1804"]
[Annotator "NA"]
[PlyCount "73"]
[EventDate "2024.07.03"]
[EventType "swiss"]
[EventCountry "SUI"]
[SourceTitle "playchess.com"]
[Source "ChessBase"]
[SourceQuality "1"]
[TimeControl "40/5400+30:1800+30"]

1. e4 e5 2. Nf3 Nc6 3. Bb5 a6 4. Ba4 Nf6 5. O-O Be7 6. c3 Nxe4 7. Re1 Nc5 8. Bxc6 dxc6 9. Nxe5 O-O 10. d4 Nd7 11. Nf3 Nf6 12. Bg5 Bg4 13. Nbd2 Nd5 14. Bxe7 Nxe7 15. Qb3 Qd6 16. Ne4 Qf4 17. Ne5 Be6 18. Qxb7 Rfb8 19. Qxc7 Ng6 20. g3 Qf5 21. Nd6 Qh3 22. Qxc6 Ne7 23. Qg2 Qh5 24. g4 Qg5 25. b3 Bd5 26. Ne4 Qh6 27. c4 Bb7 28. g5 Qe6 29. d5 Nxd5 30. cxd5 Bxd5 31. Rad1 Qxe5 32. Rxd5 Qb2 33. Nf6+ Kh8 34. Nd7 Qc3 35. Red1 Re8 36. Ne5 Rxe5 37. Rd8+ 1-0

[Event "57th Biel Festival ATO 2024"]
[Site "Biel"]
[Date "2024.07.25"]
[Round "9.40"]
[White "Coletta, Julien"]
[Black "Speerli, Maria"]
[Result "1-0"]
[ECO "B32"]
[WhiteElo "1778"]
[BlackElo "1540"]
[Annotator "NA RC"]
[PlyCount "63"]
[EventDate "2024.07.03"]
[EventType "swiss"]
[EventCountry "SUI"]
[SourceTitle "playchess.com"]
[Source "ChessBase"]
[SourceQuality "1"]
[TimeControl "40/5400+30:1800+30"]

1. e4 c5 2. Nf3 Nc6 3. d4 cxd4 4. Nxd4 e5 5. Nb5 d6 6. c4 Be7 7. Bd3 Nf6 8. N5c3 Bd7 9. O-O O-O 10. Nd5 Rc8 11. Nxe7+ Nxe7 12. Nc3 Be6 13. b3 Ng6 14. Nd5 h6 15. Be3 b6 16. f3 Re8 17. Qd2 Kh7 18. Nxf6+ Qxf6 19. a4 Qd8 20. a5 Rb8 21. axb6 axb6 22. Qb4 Re7 23. Bc2 Bc8 24. Rfd1 Rd7 25. Rd5 Ne7 26. Rd3 Nc6 27. Qd2 b5 28. cxb5 Rxb5 29. Rd1 Nb4 30. Rc3 d5 31. exd5+ Nxc2 32. Qxc2+ 1-0

[Event "57th Biel Festival ATO 2024"]
[Site "Biel"]
[Date "2024.07.25"]
[Round "9.41"]
[White "Galerne, Rene"]
[Black "Rossi, Patrick"]
[Result "1-0"]
[ECO "C10"]
[WhiteElo "1773"]
[BlackElo "1539"]
[Annotator "NA RC"]
[PlyCount "41"]
[EventDate "2024.07.03"]
[EventType "swiss"]
[EventCountry "SUI"]
[SourceTitle "playchess.com"]
[Source "ChessBase"]
[SourceQuality "1"]
[TimeControl "40/5400+30:1800+30"]

1. e4 e6 2. d4 d5 3. Nc3 Nf6 4. Bg5 dxe4 5. Nxe4 Nbd7 6. Nf3 h6 7. Nxf6+ Nxf6 8. Be3 Nd5 9. a3 Be7 10. Bd3 Nxe3 11. fxe3 c5 12. O-O Qb6 13. Ne5 cxd4 14. Rxf7 dxe3 15. Qh5 Kd8 16. Be2 Bd6 17. Rd1 Qc5 18. b4 g6 19. bxc5 gxh5 20. Rxd6+ Ke8 21. Bb5+ 1-0

[Event "57th Biel Festival ATO 2024"]
[Site "Biel"]
[Date "2024.07.25"]
[Round "9.43"]
[White "Loeffler, Helmut"]
[Black "Shin, Seungmin"]
[Result "1/2-1/2"]
[ECO "D05"]
[WhiteElo "1745"]
[BlackElo "1493"]
[Annotator "NA RC"]
[PlyCount "45"]
[EventDate "2024.07.03"]
[EventType "swiss"]
[EventCountry "SUI"]
[SourceTitle "playchess.com"]
[Source "ChessBase"]
[SourceQuality "1"]
[TimeControl "40/5400+30:1800+30"]

1. d4 Nf6 2. Nf3 e6 3. e3 c5 4. b3 d5 5. Bd3 Nc6 6. a3 a5 7. Nbd2 Be7 8. O-O O-O 9. Bb2 cxd4 10. Nxd4 Re8 11. N4f3 Qc7 12. Re1 e5 13. Bb5 Bd6 14. e4 dxe4 15. Nxe4 Nxe4 16. Rxe4 Bf5 17. Rh4 Rad8 18. Qe2 Qe7 19. Rc4 Be6 20. Ra4 Bc7 21. Bxc6 bxc6 22. h3 f6 23. Re1 1/2-1/2

[Event "57th Biel Festival ATO 2024"]
[Site "Biel"]
[Date "2024.07.25"]
[Round "9.44"]
[White "Harte, Bernd"]
[Black "Weihs, David"]
[Result "1-0"]
[ECO "D20"]
[WhiteElo "1592"]
[BlackElo "1733"]
[Annotator "NA RC"]
[PlyCount "35"]
[EventDate "2024.07.03"]
[EventType "swiss"]
[EventCountry "SUI"]
[SourceTitle "playchess.com"]
[Source "ChessBase"]
[SourceQuality "1"]
[TimeControl "40/5400+30:1800+30"]

1. d4 d5 2. c4 dxc4 3. e4 e5 4. d5 Nf6 5. f3 b5 6. Bg5 c6 7. a3 cxd5 8. exd5 Qxd5 9. Qxd5 Nxd5 10. Nc3 Nxc3 11. bxc3 a6 12. O-O-O Bxa3+ 13. Kd2 Bf5 14. g4 Nc6 15. Bg2 Bg6 16. Be3 f6 17. f4 O-O 18. Bf3 1-0

[Event "57th Biel Festival ATO 2024"]
[Site "Biel"]
[Date "2024.07.25"]
[Round "9.45"]
[White "Kim, Danha"]
[Black "Trachsel, Peter"]
[Result "0-1"]
[ECO "B12"]
[WhiteElo "1491"]
[BlackElo "1782"]
[Annotator "NA RC"]
[PlyCount "74"]
[EventDate "2024.07.03"]
[EventType "swiss"]
[EventCountry "SUI"]
[SourceTitle "playchess.com"]
[Source "ChessBase"]
[SourceQuality "1"]
[TimeControl "40/5400+30:1800+30"]

1. e4 c6 2. d4 d5 3. e5 Bf5 4. Nf3 e6 5. Bd3 Bxd3 6. Qxd3 Qa5+ 7. Bd2 Qa6 8. Qxa6 Nxa6 9. O-O c5 10. c3 Ne7 11. Na3 Nc6 12. Nb5 Rc8 13. Rac1 Nc7 14. Nxc7+ Rxc7 15. Rfe1 h6 16. h3 Kd7 17. Be3 cxd4 18. cxd4 Be7 19. Rc2 Rhc8 20. Rec1 Nb4 21. Rxc7+ Rxc7 22. Rxc7+ Kxc7 23. a3 Nc6 24. Kf1 Na5 25. Nd2 b5 26. Ke2 Kc6 27. Kd3 Nc4 28. Nxc4 dxc4+ 29. Kc3 Kd5 30. f3 h5 31. g4 g6 32. Bh6 a5 33. Be3 b4+ 34. axb4 axb4+ 35. Kd2 Bd8 36. gxh5 gxh5 37. b3 cxb3 0-1

[Event "57th Biel Festival ATO 2024"]
[Site "Biel"]
[Date "2024.07.25"]
[Round "9.46"]
[White "Kim Rian B"]
[Black "Buntschu, Kurt"]
[Result "0-1"]
[ECO "B92"]
[WhiteElo "1592"]
[BlackElo "1868"]
[Annotator "NA RC"]
[PlyCount "60"]
[EventDate "2024.07.03"]
[EventType "swiss"]
[EventCountry "SUI"]
[SourceTitle "playchess.com"]
[Source "ChessBase"]
[SourceQuality "1"]
[TimeControl "40/5400+30:1800+30"]

1. e4 c5 2. Nf3 d6 3. d4 cxd4 4. Nxd4 Nf6 5. Nc3 a6 6. Be3 e5 7. Nb3 Be6 8. f3 Be7 9. Be2 O-O 10. O-O Nbd7 11. Qd2 Qc7 12. Rfd1 Rac8 13. a4 Nc5 14. Nxc5 dxc5 15. Nd5 Bxd5 16. exd5 Rfd8 17. c4 Nh5 18. g3 f5 19. f4 exf4 20. gxf4 Nf6 21. Bf3 Bd6 22. Rac1 Qe7 23. Re1 Ne4 24. Qd3 Re8 25. Bf2 Nxf2 26. Kxf2 Qh4+ 27. Kf1 Qh3+ 28. Kg1 Bxf4 29. Rc2 Rxe1+ 30. Kf2 Qh4+ 0-1

[Event "57th Biel Festival ATO 2024"]
[Site "Biel"]
[Date "2024.07.25"]
[Round "9.47"]
[White "Meise, Volker"]
[Black "Kuenzli, Manuel"]
[Result "0-1"]
[ECO "C56"]
[WhiteElo "1772"]
[BlackElo "1542"]
[Annotator "NA RC"]
[PlyCount "60"]
[EventDate "2024.07.03"]
[EventType "swiss"]
[EventCountry "SUI"]
[SourceTitle "playchess.com"]
[Source "ChessBase"]
[SourceQuality "1"]
[TimeControl "40/5400+30:1800+30"]

1. e4 e5 2. Nf3 Nc6 3. Bc4 Nf6 4. d4 d6 5. Nc3 Bg4 6. Be3 Bxf3 7. gxf3 exd4 8. Bxd4 Nxd4 9. Qxd4 Qe7 10. O-O-O Qe5 11. Rhe1 Qxd4 12. Rxd4 O-O-O 13. Bxf7 g6 14. Red1 Nd7 15. Be6 Kb8 16. R4d3 Nc5 17. Bb3 Nxd3+ 18. Rxd3 Bg7 19. Kd2 Bxc3+ 20. Rxc3 Rhf8 21. Ke2 a6 22. a4 Rfe8 23. Kf1 Re5 24. Bc4 Rc5 25. b4 Rh5 26. Kg2 Rf8 27. Be6 Rg5+ 28. Kf1 Rf4 29. Bg4 h5 30. Bh3 Rh4 0-1

[Event "57th Biel Festival ATO 2024"]
[Site "Biel"]
[Date "2024.07.25"]
[Round "9.48"]
[White "Settegrana, Miro"]
[Black "Klas, Friedrich Guenther"]
[Result "1-0"]
[ECO "B12"]
[WhiteElo "1532"]
[BlackElo "1750"]
[Annotator "NA RC"]
[PlyCount "39"]
[EventDate "2024.07.03"]
[EventType "swiss"]
[EventCountry "SUI"]
[SourceTitle "playchess.com"]
[Source "ChessBase"]
[SourceQuality "1"]
[TimeControl "40/5400+30:1800+30"]

1. e4 c6 2. d4 d5 3. e5 Bf5 4. h4 h5 5. Bg5 Qb6 6. Bd3 Bxd3 7. Qxd3 Qa6 8. Qe3 e6 9. Ne2 Nd7 10. O-O Be7 11. Ng3 c5 12. c3 f6 13. exf6 gxf6 14. Bf4 f5 15. Re1 Kf7 16. Bg5 Ngf6 17. Nxf5 Ng4 18. Qf4 Bxg5 19. Qxg5 exf5 20. Re7+ 1-0